 Dungeon Crawl Stone Soup version 0.25-a0-855-g681bda5bb4 (webtiles) character file.

Game seed: 4362666646290271150, levelgen mode: deterministic

935 Maedhros the Skirmisher (level 8, -1/61 HPs)
             Began as an Octopode Wanderer on Apr 26, 2020.
             Was a Plaything of Xom.
             Slain by a hound (4 damage)
             ... on level 5 of the Dungeon.
             The game lasted 00:07:46 (13082 turns).

Maedhros the Skirmisher (Octopode Wanderer)        Turns: 13082, Time: 00:07:47

Health: -1/61      AC:  2    Str: 12 (13) XL:     8   Next: 11%
Magic:  8/8        EV: 15    Int: 12 (14) God:    Xom [.*....]
Gold:   208        SH:  4    Dex: 10 (12) Spells: 7/7 levels left

rFire    . . .     SeeInvis .   (no weapon)
rCold    + . .     Gourm    .   (no shield)
rNeg     . . .     Faith    .   (helmet restricted)
rPois    .         Spirit   .   (no amulet)
rElec    .         Reflect  .   (no ring)
rCorr    .         Harm     .   (no ring)
MR       +....                  (no ring)
Stlth    +++.......             (no ring)
HPRegen  0.20/turn              (no ring)
MPRegen  0.11/turn              (no ring)
                                (no ring)
                                (no ring)

@: stab
A: almost no armour, stealthy swim, amphibious, 8 rings, constrict 8, large bone
plates 1, camouflage 1, cold resistance 1, magic resistance 1, mutation
resistance 1, shaggy fur 1, gelatinous body 1, MP-powered wands
a: Renounce Religion


You were on level 5 of the Dungeon.
You worshipped Xom.
You were a plaything of Xom.
You were very hungry.

You visited 2 branches of the dungeon, and saw 6 of its levels.

You collected 208 gold pieces.

Inventory:

Hand Weapons
 a - a +2 hand crossbow
Missiles
 b - 38 bolts
 o - 19 arrows
Scrolls
 d - a scroll of immolation {unknown}
 e - a scroll of fear {unknown}
 i - 7 scrolls of identify {unknown}
 j - a scroll of noise {unknown}
 m - 2 scrolls of teleportation {unknown}
 n - a scroll of enchant armour {unknown}
 p - 2 scrolls of fog {unknown}
 r - 3 scrolls of remove curse {unknown}
 s - a scroll of magic mapping {unknown}
 u - a scroll of amnesia {unknown}
Potions
 c - 4 potions of stabbing
 g - a potion of magic
 h - a potion of brilliance
Comestibles
 f - 6 rations


   Skills:
 + Level 7.9 Fighting
   Level 1.0 Bows
 - Level 2.0 Crossbows
 - Level 1.0 Throwing
 + Level 5.9 Dodging
 - Level 4.0 Stealth


You had 7 spell levels left.
You didn't know any spells.
Your spell library contained the following spells:

 Spells                   Type           Power        Failure   Level  Hunger
 Beastly Appendage        Tmut           #.....       32%         1    ##.....
 Sticks to Snakes         Tmut           #.......     45%         2    ###....
 Spider Form              Tmut/Pois      #.........   69%         3    ####...
 Ice Form                 Ice/Tmut       #.......     97%         4    #####..
 Blade Hands              Tmut           #.........   100%        5    ######.


Dungeon Overview and Level Annotations

Branches:
Dungeon (5/15)             Temple (1/1) D:5

Altars:
Ashenzari
Cheibriados
Dithmenos
Elyvilon
Fedhas
Gozag
Hepliaklqana
Kikubaaqudgha
Nemelex Xobeh
Okawaru
Qazlal
Ru
Sif Muna
Trog
Uskayaw
Vehumet
Wu Jian
Xom
Yredelemnul
Zin
The Shining One


Innate Abilities, Weirdness & Mutations

You cannot wear most types of armour.
You are very stealthy in the water. (Stealth+)
You are amphibious.
You can wear up to eight rings at the same time.
You can use your tentacles to constrict eight enemies at once.
Your skin changes colour to match your surroundings (Stealth+).
Your rubbery body absorbs attacks. (AC +1, EV +1)
You are partially covered in large bone plates. (SH +4)
Your flesh is cold resistant. (rC+)
You are resistant to hostile enchantments. (MR+)
You are somewhat resistant to further mutation.
You are covered in fur. (AC +1)
You expend magic power (3 MP) to strengthen your wands.


Message History

* * * LOW HITPOINT WARNING * * *
The hound misses you.
Okay, then.
Okay, then.
Okay, then.
You aren't carrying any items that you can evoke.
The hound closely misses you.
You barely miss the hound.
Your grab misses the hound. "Over there now!"
The hound blinks!
You block the hound's attack. The hound barely misses you.
You tentacle-slap the hound. You grab the hound.
The hound is lightly wounded.
You constrict the hound, but do no damage.
The hound misses you.
You tentacle-slap the hound. You grab the hound.
The hound is lightly wounded.
You constrict the hound, but do no damage.
You constrict the hound. You block the hound's attack.
The hound closely misses you. The hound bites you.
You die...

.# #.....# # ..
##....# .##
##.#.## .#
#..#.###### .#
#..####.##......#
#......##.####...
# ######.##.# #
#####[h§.# #
#...h@#..##### #
#.#####......# #
.....)..O?...## #
##.####........#
# #> #.........#
# #. #.........#
##### .
#.........# #....
# #.........#
##### #...!.....#
#####


You could see 2 hounds.

Vanquished Creatures
  A hungry ghost (D:4)
  A phantom (D:4)
  2 scorpions
  A howler monkey (D:5)
  2 crimson imps
  A hound (D:5)
  A gnoll shaman (D:5)
  An iguana (D:4)
  A worker ant (D:5)
  Natasha (thrice) (D:4)
  2 orc wizards
  A hound skeleton (D:5)
  5 gnolls
  6 adders
  An ooze (D:3)
  An adder zombie (D:5)
  2 adder skeletons
  4 worms
  3 dart slugs
  2 leopard geckos
  10 orcs
  4 bats
  A giant cockroach (D:2)
  6 goblins
  6 hobgoblins
  3 jackals (D:3)
  2 quokkas
  A ball python (D:3)
  A frilled lizard (D:1)
  A jackal skeleton (D:5)
  4 kobolds
  A leopard gecko skeleton (D:4)
  A leopard gecko zombie (D:5)
  8 rats
90 creatures vanquished.

Vanquished Creatures (collateral kills)
  A sky beast (D:5)
  3 gnolls (D:5)
  A leopard gecko (D:5)
5 creatures vanquished.

Grand Total: 95 creatures vanquished

Notes
Turn   | Place    | Note
-------+----------+-------------------------------------------
     0 | D:1      | Maedhros the Octopode Wanderer began the quest for the Orb.
     0 | D:1      | Maedhros set off with the following items: a +2 hand
                  | crossbow, 27 bolts, a potion of curing, a potion of
                  | lignification, a ration
     0 | D:1      | Reached XP level 1. HP: 18/18 MP: 1/1
   198 | D:1      | Reached XP level 2. HP: 23/24 MP: 2/2
   294 | D:2      | Reached skill level 1 in Dodging
   557 | D:3      | Reached XP level 3. HP: 14/29 MP: 3/3
  1315 | D:3      | Found a faded altar of an unknown god.
  1586 | D:4      | Reached XP level 4. HP: 32/35 MP: 4/4
  1593 | D:4      | Noticed a hungry ghost
  1610 | D:4      | Killed a hungry ghost
  1610 | D:4      | Reached XP level 5. HP: 41/41 MP: 5/5
  1653 | D:4      | Noticed a phantom
  1665 | D:5      | Entered Level 5 of the Dungeon
  1680 | D:5      | Found a staircase to the Ecumenical Temple.
  1689 | Temple   | Entered the Ecumenical Temple
  1699 | Temple   | Became a worshipper of Xom of Chaos
  1773 | D:5      | Reached skill level 6 in Fighting
  1774 | D:5      | XOM: potion effect (curing)
  1777 | D:5      | XOM: potion effect (brilliance)
  1780 | D:5      | Reached XP level 6. HP: 36/46 MP: 6/6
  2030 | D:4      | XOM: potion effect (berserk rage)
  2041 | D:4      | Killed a phantom
  2118 | D:4      | Noticed Natasha
  2160 | D:4      | XOM: 4-stop teleportation journey
  2305 | D:4      | Reached XP level 7. HP: 43/53 MP: 7/7
  2870 | D:4      | Killed Natasha
  3013 | Temple   | XOM: 1-stop teleportation journey
  3504 | Temple   | XOM is BORED!
  3504 | Temple   | XOM: torment (28/53 hp)
  3519 | Temple   | XOM is BORED!
  3519 | Temple   | XOM: torment (16/53 hp)
  3787 | Temple   | XOM: god gift: 10 gold pieces
  4021 | Temple   | XOM: 9-stop teleportation journey
  4456 | Temple   | XOM: scenery: create altars
  4750 | Temple   | XOM: god gift: 19 arrows
  5120 | Temple   | XOM: 7-stop teleportation journey
  5254 | Temple   | XOM: 1-stop teleportation journey
  5460 | Temple   | XOM: 6-stop teleportation journey
  5949 | Temple   | XOM: silly message
  6159 | D:5      | Reached skill level 7 in Fighting
  6347 | D:3      | XOM: noise
  6369 | D:3      | XOM: scenery: 2 doors close
  6560 | D:3      | XOM is BORED!
  6560 | D:3      | XOM: silly message
  6627 | D:3      | XOM: silly message
  7014 | D:2      | XOM is BORED!
  7014 | D:2      | XOM: silly message
  7235 | D:2      | Reached skill level 5 in Dodging
  7254 | D:2      | XOM: fog
  7698 | D:2      | XOM: give mutations
  7698 | D:2      | Gained mutation: Your flesh is cold resistant. (rC+) [Xom's
                  | grace]
  7698 | D:2      | Gained mutation: You are resistant to hostile enchantments.
                  | (MR+) [Xom's grace]
  7870 | D:2      | XOM: give mutations
  7870 | D:2      | Gained mutation: You are somewhat resistant to further
                  | mutation. [Xom's grace]
  7870 | D:2      | Gained mutation: Your muscles are strong. (Str +2) [Xom's
                  | grace]
  7976 | D:2      | XOM: cloud trail
  8154 | D:2      | XOM: give mutations
  8154 | D:2      | Gained mutation: You expend magic power (3 MP) to
                  | strengthen your wands. [Xom's grace]
  8154 | D:2      | Gained mutation: Your flesh is very cold resistant. (rC++)
                  | [Xom's grace]
  8154 | D:2      | Gained mutation: One of your tentacles bears a spike.
                  | [Xom's grace]
  8160 | D:2      | XOM: god gift: book of Changes
  8587 | D:1      | XOM is BORED!
  8587 | D:1      | XOM: noise
  8877 | D:1      | XOM: give mutations
  8877 | D:1      | Gained mutation: Your mind is acute. (Int +2) [Xom's
                  | mischief]
  8877 | D:1      | Gained mutation: You are covered in fur. (AC +1) [Xom's
                  | mischief]
  8877 | D:1      | Lost mutation: Your muscles are strong. (Str +2) [Xom's
                  | mischief]
  8947 | D:1      | XOM: 3-stop teleportation journey
  9567 | D:4      | Noticed Natasha
  9574 | D:4      | Killed Natasha
  9796 | D:4      | XOM is BORED!
  9863 | D:4      | Noticed Natasha
  9876 | D:4      | Killed Natasha
 10288 | D:4      | XOM: give mutations
 10288 | D:4      | Lost mutation: Your flesh is very cold resistant. (rC++)
                  | [Xom's mischief]
 10288 | D:4      | Lost mutation: Your mind is acute. (Int +2) [Xom's
                  | mischief]
 10288 | D:4      | Lost mutation: One of your tentacles bears a spike. [Xom's
                  | mischief]
 10288 | D:4      | Gained mutation: You are partially covered in large bone
                  | plates. (SH +4) [Xom's mischief]
 11638 | D:5      | XOM: chaos upgrade
 11660 | D:4      | XOM: enchant monster (bad)
 11668 | D:5      | Reached XP level 8. HP: 32/61 MP: 8/8
 11758 | D:4      | XOM: summons 2 hostile demons
 12205 | Temple   | XOM: scenery: create altars
 13073 | D:5      | XOM: blink monster(s)
 13075 | D:5      | HP: 3/61 [hound (6)]
 13076 | D:5      | HP: 1/61 [hound (2)]
 13080 | D:5      | XOM: blink monster(s)
 13082 | D:5      | Slain by a hound

Levels and vault maps discovered:
D:1:      kennysheep_arrival_seaside, layout_basic
D:2:      layout_basic, first_ration
D:3:      layout_basic, chequers_ecumenical_altar_simple
D:4:      layout_gridville, uniq_natasha
D:5:      layout_rooms, minmay_temple_entry_statues_fountains,
          hangedman_minor_gate_pass
Temple:   nicolae_temple_the_god_donut

Skill      XL: |  1  2  3  4  5  6  7 |
---------------+----------------------+-----
Stealth        | 2 3 4 |  4.0
Dodging        | 1 3 4 5 |  5.9
Fighting       | 6 7 |  7.9
Bows           | |  1.0
Crossbows      | |  2.0
Throwing       | |  1.0

Action                   |  1- 3 |  4- 6 |  7- 9 || total
-------------------------+-------+-------+-------++-------
Melee: Unarmed           |    67 |    52 |   200 ||   319
       Constrict         |    15 |     7 |    65 ||    87
       Tentacles         |     7 |     9 |    50 ||    66
       Kick              |       |       |    19 ||    19
  Use: Potion            |     2 |     1 |     7 ||    10
 Stab: Sleeping          |     5 |     1 |    14 ||    20
       Distracted        |       |       |     1 ||     1
  Eat: Chunk             |       |     1 |    23 ||    24
       Ration            |       |     1 |     3 ||     4
Armor: Skin              |    10 |     7 |    13 ||    30
Dodge: Dodged            |    39 |    33 |   132 ||   204
Block: Other             |       |       |    15 ||    15

Table legend:
 A = Non-vault XP
 B = Vault XP
 C = Vault XP percentage of total XP
 D = Non-vault monster count
 E = Vault monster count
 F = Vault count percentage of total count
                 A         B        C        D         E       F
            +---------+---------+-------+---------+---------+-------
      Total |    1301 |      35 |   2.6 |      94 |       1 |   1.1
            +---------+---------+-------+---------+---------+-------
        D:1 |      26 |       0 |   0.0 |      15 |       0 |   0.0
        D:2 |     153 |       0 |   0.0 |      19 |       0 |   0.0
        D:3 |     102 |       0 |   0.0 |      25 |       0 |   0.0
        D:4 |     590 |      35 |   5.6 |      17 |       1 |   5.6
        D:5 |     430 |       0 |   0.0 |      18 |       0 |   0.0
            +---------+---------+-------+---------+---------+-------
